[Event "TCEC Season 22 - Qualification League"]
[Site "https://tcec-chess.com"]
[Date "2022.02.04"]
[Round "21.7"]
[White "tomitankChess 5.1"]
[Black "Bagatur 3.2-fix"]
[Result "0-1"]
[ECO "E51"]
[WhiteElo "3008"]
[BlackElo "3095"]
[Annotator "NA RC"]
[PlyCount "144"]
[EventDate "2022.??.??"]
[SourceTitle "playchess.com"]
[Source "ChessBase"]
[SourceQuality "1"]
[TimeControl "1800+5"]

1. d4 d5 2. Nf3 Nf6 3. c4 e6 4. Nc3 Bb4 5. e3 O-O 6. Bd2 b6 7. cxd5 exd5 8. Bd3 Bd6 9. O-O Bb7 10. Re1 Re8 11. Nb5 Be7 12. Nc3 c5 13. a3 Nbd7 14. Ne5 Bd6 15. f4 a6 16. Rf1 b5 17. Be1 Qb6 18. Bf2 Nf8 19. Qf3 Rad8 20. Rac1 c4 21. Bc2 a5 22. Bh4 Be7 23. h3 b4 24. Na4 Qc7 25. Bxf6 Bxf6 26. Nc5 Re7 27. Ba4 Rd6 28. axb4 axb4 29. Ng4 Bh4 30. Ne5 h6 31. Qh5 Bf6 32. Rf3 Bc8 33. Bc2 b3 34. Bb1 Qd8 35. Rg3 Rc7 36. Nf3 Rdc6 37. Ne5 Rb6 38. Qxh6 Ra7 39. Qh5 Bh4 40. Qf3 Bxg3 41. Qxg3 Rc7 42. Na4 Ra6 43. Nc5 Rh6 44. Qf3 Rd6 45. Qh5 Re7 46. Kh2 Rh6 47. Qf3 Qd6 48. e4 f6 49. exd5 fxe5 50. fxe5 Rxe5 51. dxe5 Qxe5+ 52. Kh1 Qxb2 53. Re1 Rf6 54. Qe3 Rf2 55. Be4 Qd2 56. Kg1 Qxe3 57. Rxe3 Rd2 58. Nxb3 cxb3 59. Rxb3 Ba6 60. Rc3 Rd4 61. Bc2 Bc4 62. d6 Be6 63. Rd3 Rxd3 64. Bxd3 Kf7 65. Kf2 Kf6 66. g4 Nd7 67. Kg3 Ke5 68. Bc2 Nf6 69. Bg6 Nd5 70. Bd3 Kxd6 71. Bc4 Nc3 72. Bxe6 Kxe6 0-1

[Event "TCEC Season 22 - Qualification League"]
[Site "https://tcec-chess.com"]
[Date "2022.02.04"]
[Round "22.3"]
[White "Invictus r391b"]
[Black "Zahak 9.0"]
[Result "1/2-1/2"]
[ECO "B92"]
[WhiteElo "3251"]
[BlackElo "3332"]
[Annotator "NA"]
[PlyCount "192"]
[EventDate "2022.??.??"]
[SourceTitle "playchess.com"]
[Source "ChessBase"]
[SourceQuality "1"]
[TimeControl "1800+5"]

1. e4 c5 2. Nf3 d6 3. d4 cxd4 4. Nxd4 Nf6 5. Nc3 a6 6. Be2 e5 7. Nb3 Be7 8. O-O O-O 9. Be3 Be6 10. Re1 Nc6 11. Bf3 Na5 12. Nxa5 Qxa5 13. a4 Rac8 14. Bd2 Qb6 15. b3 Qc5 16. Rc1 b5 17. axb5 axb5 18. Qe2 Rb8 19. Nd1 Rfc8 20. Nb2 Qb6 21. Nd3 Ra8 22. Nb4 h6 23. Red1 Ra3 24. Ra1 Rca8 25. Be3 Qb7 26. Rxa3 Rxa3 27. h3 Ra8 28. g4 Bf8 29. Bg2 Qb8 30. f3 Qb7 31. f4 exf4 32. Bxf4 Qc8 33. Qd2 Ra7 34. Kh1 Rc7 35. Qe2 Rc3 36. Bd2 Rc5 37. Be3 Rc7 38. Bb6 Rb7 39. Bd4 Nd7 40. Ra1 Be7 41. Ra6 Ne5 42. Nd5 Bxd5 43. exd5 Rb8 44. Ra7 Bf6 45. Qe4 b4 46. Bg1 Ng6 47. Bh2 Qf8 48. Bg1 Bc3 49. Bf2 Ra8 50. Rxa8 Qxa8 51. Qc4 Ne5 52. Qe2 Qa1+ 53. Qf1 Qb2 54. Qd1 Ng6 55. h4 Ne5 56. h5 g5 57. Be4 Qa3 58. Bf5 Qa6 59. Kh2 Qb7 60. Kh3 Qb5 61. Be4 Bb2 62. Bf5 Qa5 63. Be4 Bc3 64. Bf5 Qb5 65. Be4 Qb7 66. Be3 Nd7 67. Kg2 Ne5 68. Bf2 Qa8 69. Bg3 Qa7 70. Bf2 Qa6 71. Bg1 Qb5 72. Bf2 Kg7 73. Bg1 Qd7 74. Bf5 Qb5 75. Bf2 Qa5 76. Bg3 Kg8 77. Bf2 Kf8 78. Bg1 Qa6 79. Bd3 Qa2 80. Bf2 Qa8 81. Be4 Kg8 82. Bg3 Qa7 83. Bf2 Qa5 84. Kf1 Kg7 85. Kg2 Qa6 86. Bg1 Qa3 87. Bf5 Qa5 88. Bf2 Kf8 89. Bg1 Qa8 90. Bf2 Kg7 91. Be4 Qc8 92. Bf5 Qb7 93. Bg1 Qa8 94. Bf2 Qa5 95. Bg3 Kg8 96. Bf2 Kf8 1/2-1/2

[Event "TCEC Season 22 - Qualification League"]
[Site "https://tcec-chess.com"]
[Date "2022.02.04"]
[Round "22.5"]
[White "ChessFighter 3.10.1"]
[Black "Velvet 3.1.3"]
[Result "1/2-1/2"]
[ECO "B45"]
[WhiteElo "3242"]
[BlackElo "3216"]
[Annotator "NA"]
[PlyCount "320"]
[EventDate "2022.??.??"]
[SourceTitle "playchess.com"]
[Source "ChessBase"]
[SourceQuality "1"]
[TimeControl "1800+5"]

1. e4 c5 2. Nf3 e6 3. d4 cxd4 4. Nxd4 Nc6 5. Nc3 d6 6. Be3 Nf6 7. Be2 a6 8. Qd2 Be7 9. O-O-O O-O 10. f4 Qc7 11. g4 d5 12. exd5 Nxd5 13. Nxd5 exd5 14. h4 Re8 15. Kb1 Bd7 16. Bf3 Bc5 17. h5 Rxe3 18. Qxe3 Nxd4 19. Rxd4 Qb6 20. Rhd1 Re8 21. Qc3 Bxd4 22. Rxd4 Re1+ 23. Qxe1 Qxd4 24. a3 Qxf4 25. Qe7 h6 26. Bxd5 Bc6 27. Qd8+ Kh7 28. Bb3 Ba4 29. Bxa4 Qxa4 30. Qd3+ Kg8 31. c4 Qe8 32. Qf3 Qe6 33. c5 Qc4 34. Qxb7 Qf1+ 35. Kc2 Qc4+ 36. Kd2 Qd4+ 37. Kc2 Qc4+ 38. Kb1 Qd3+ 39. Ka1 Qf1+ 40. Ka2 Qc4+ 41. Ka1 Qf1+ 42. Ka2 Qc4+ 43. Qb3 Qxc5 44. Qb8+ Kh7 45. Qb3 Kg8 46. Qd3 Qc6 47. Kb3 Qb6+ 48. Kc2 g5 49. Qe4 Qf2+ 50. Kc3 Qg3+ 51. Kc4 Qc7+ 52. Kd4 Qd8+ 53. Kc3 Qd1 54. Qd4 Qf3+ 55. Kb4 Qb7+ 56. Kc3 Qf3+ 57. Kc2 Qe2+ 58. Kb3 Qf3+ 59. Kc2 Qe2+ 60. Kb3 Qf3+ 61. Kc4 Qe2+ 62. Kc5 Qb5+ 63. Kd6 Qb8+ 64. Kc6 Qf4 65. Kc5 Qg3 66. Qd8+ Kg7 67. Qd4+ Kg8 68. Kb4 Qe1+ 69. Kb3 Qg3+ 70. Kb4 Qe1+ 71. Kb3 Qg3+ 72. Kc4 Qc7+ 73. Kd3 Qg3+ 74. Kc2 Qg2+ 75. Kd3 Qg3+ 76. Kc2 Qg2+ 77. Kd1 Qf3+ 78. Ke1 Qg3+ 79. Kd1 Qf3+ 80. Kd2 Qg2+ 81. Kc1 Qf3 82. a4 Qg3 83. Kc2 Qh2+ 84. Kc3 Qg3+ 85. Kb4 Qe1+ 86. Kc5 Qg3 87. Kb6 Qf4 88. Qd7 Qf6+ 89. Ka5 Qxb2 90. Kxa6 Qe2+ 91. Kb6 Qe3+ 92. Ka6 Qe2+ 93. Kb6 Qe3+ 94. Kc6 Qf4 95. Kb5 Qe3 96. a5 Qb3+ 97. Kc5 Qe3+ 98. Qd4 Qa3+ 99. Kb6 Qb3+ 100. Ka7 Qa3 101. a6 Qa5 102. Kb7 Qb5+ 103. Qb6 Qd5+ 104. Qc6 Qb3+ 105. Kc7 Qg3+ 106. Qd6 Qc3+ 107. Kb7 Qf3+ 108. Kb8 Qb3+ 109. Kc8 Qc4+ 110. Kb7 Qb3+ 111. Kc6 Qa4+ 112. Kb7 Qb3+ 113. Qb6 Qd5+ 114. Kb8 Qe5+ 115. Kc8 Qc3+ 116. Kb7 Qf3+ 117. Qc6 Qb3+ 118. Kc8 Qa3 119. Qb6 Qc3+ 120. Qc7 Qb4 121. a7 Qxg4+ 122. Kb8 Qb4+ 123. Qb7 Qd6+ 124. Qc7 Qb4+ 125. Kc8 Qg4+ 126. Kb7 Qb4+ 127. Qb6 Qe7+ 128. Kc8 Qe4 129. Qb8 Qc6+ 130. Kd8 Qf6+ 131. Kc7+ Kg7 132. a8=Q Qf4+ 133. Kb7 Qf3+ 134. Kb6 Qb3+ 135. Kc7 Qg3+ 136. Kc6 Qc3+ 137. Kb5 Qb3+ 138. Kc5 Qc3+ 139. Kd6 Qg3+ 140. Ke7 Qe3+ 141. Kd7 Qh3+ 142. Kd8 Qd3+ 143. Kc8 Qh3+ 144. Kb7 Qf3+ 145. Ka6 Qa3+ 146. Kb5 Qb3+ 147. Ka5 Qa3+ 148. Kb6 Qb3+ 149. Kc5 Qc3+ 150. Kd5 Qd3+ 151. Ke5 Qe3+ 152. Kd5 Qd3+ 153. Kc6 Qc3+ 154. Kd6 Qg3+ 155. Kd7 Qh3+ 156. Ke7 Qe3+ 157. Kd8 Qd3+ 158. Kc8 Qh3+ 159. Kc7 Qg3+ 160. Kd7 Qh3+ 1/2-1/2

[Event "TCEC Season 22 - Qualification League"]
[Site "https://tcec-chess.com"]
[Date "2022.02.05"]
[Round "23.2"]
[White "Counter 4.0"]
[Black "Chiron 5.01"]
[Result "1/2-1/2"]
[ECO "C14"]
[WhiteElo "3300"]
[BlackElo "3417"]
[Annotator "NA"]
[PlyCount "87"]
[EventDate "2022.??.??"]
[SourceTitle "playchess.com"]
[Source "ChessBase"]
[SourceQuality "1"]
[TimeControl "1800+5"]

1. e4 e6 2. d4 d5 3. Nc3 Nf6 4. Bg5 Be7 5. e5 Nfd7 6. Bxe7 Qxe7 7. f4 O-O 8. Nf3 c5 9. Bd3 f6 10. exf6 Qxf6 11. g3 Nc6 12. dxc5 Nxc5 13. O-O a6 14. Qd2 Bd7 15. Qf2 Nxd3 16. cxd3 e5 17. Nxd5 Qd6 18. Nb6 Rae8 19. Nxd7 Qxd7 20. fxe5 Qxd3 21. b3 Qb5 22. Qe3 Nxe5 23. Nxe5 Rxf1+ 24. Rxf1 Rxe5 25. Qf4 Qc5+ 26. Kg2 Re2+ 27. Rf2 Rxf2+ 28. Qxf2 Qc1 29. Qe2 Qc6+ 30. Qf3 Qc2+ 31. Kh3 Qxa2 32. Qd5+ Kf8 33. Qc5+ Kf7 34. Qd5+ Ke7 35. Qxb7+ Kf6 36. Qc6+ Kg5 37. Qc3 Kg6 38. Qd3+ Kg5 39. Qxh7 Qxb3 40. Qxg7+ Kf5 41. Qf8+ Ke5 42. Qf4+ Ke6 43. Qh6+ Kf5 44. Qxa6 1/2-1/2

[Event "TCEC Season 22 - Qualification League"]
[Site "https://tcec-chess.com"]
[Date "2022.02.05"]
[Round "23.6"]
[White "Zahak 9.0"]
[Black "Bagatur 3.2-fix"]
[Result "1-0"]
[ECO "B76"]
[WhiteElo "3332"]
[BlackElo "3095"]
[Annotator "NA"]
[PlyCount "107"]
[EventDate "2022.??.??"]
[SourceTitle "playchess.com"]
[Source "ChessBase"]
[SourceQuality "1"]
[TimeControl "1800+5"]

1. e4 c5 2. Nf3 d6 3. Nc3 Nf6 4. d4 cxd4 5. Nxd4 g6 6. Be3 Bg7 7. f3 O-O 8. g4 Nc6 9. Qd2 Nxd4 10. Bxd4 Be6 11. h4 h5 12. O-O-O Rc8 13. gxh5 Nxh5 14. Bxg7 Kxg7 15. f4 Bg4 16. Be2 Bxe2 17. Nxe2 Rc5 18. f5 Qa5 19. Nc3 Rh8 20. fxg6 fxg6 21. Rhg1 Re5 22. Qg2 Rh6 23. Rde1 Nf6 24. Re3 Qc5 25. Rg3 Kf7 26. Rxg6 Qe3+ 27. Kb1 Qxg1+ 28. Qxg1 Rxg6 29. Qxa7 b5 30. a3 Nxe4 31. Nxe4 Rxe4 32. Qa6 Re1+ 33. Ka2 Re5 34. c4 bxc4 35. Qxc4+ Rge6 36. a4 Re4 37. Qb3 Kg6 38. a5 R6e5 39. a6 Ra5+ 40. Kb1 Rc5 41. Qg3+ Kf6 42. a7 Rc8 43. h5 Ra8 44. Qd3 Rf4 45. Qg6+ Ke5 46. Qg5+ Rf5 47. Qxe7+ Kf4 48. Qxd6+ Kg4 49. Qd7 Kg5 50. Qd2+ Kf6 51. Qc3+ Kg5 52. Qg3+ Kf6 53. Qb8 Rxa7 54. Qxa7 1-0

[Event "TCEC Season 22 - Qualification League"]
[Site "https://tcec-chess.com"]
[Date "2022.02.05"]
[Round "24.4"]
[White "Invictus r391b"]
[Black "Velvet 3.1.3"]
[Result "1/2-1/2"]
[ECO "B92"]
[WhiteElo "3251"]
[BlackElo "3216"]
[Annotator "NA"]
[PlyCount "123"]
[EventDate "2022.??.??"]
[SourceTitle "playchess.com"]
[Source "ChessBase"]
[SourceQuality "1"]
[TimeControl "1800+5"]

1. e4 c5 2. Nc3 d6 3. Nge2 a6 4. d4 cxd4 5. Nxd4 Nf6 6. Be2 e5 7. Nb3 Be6 8. O-O Be7 9. f4 O-O 10. Kh1 b5 11. Be3 Re8 12. a4 b4 13. Nd5 Bxd5 14. exd5 Nbd7 15. Qd2 Qc7 16. Rad1 Bf8 17. Bg1 Rec8 18. Rc1 Qb7 19. Rfd1 exf4 20. Qxf4 Re8 21. Bf3 Ne5 22. Na5 Qd7 23. b3 Nxf3 24. Qxf3 Ng4 25. Qf4 g6 26. Qxb4 Re2 27. Re1 Rae8 28. Rxe2 Rxe2 29. Qc4 Nf2+ 30. Bxf2 Rxf2 31. Qe4 Qd8 32. Nc4 Qg5 33. Rg1 h5 34. h3 Qg3 35. Qd3 Qg5 36. b4 Rf5 37. Nb6 Bg7 38. b5 axb5 39. axb5 h4 40. Rb1 Rf2 41. Rg1 Rd2 42. Qe4 Bd4 43. Nc4 Bxg1 44. Nxd2 Bb6 45. Nf3 Qc1+ 46. Kh2 Bf2 47. g3 hxg3+ 48. Kg2 Qb2 49. Qe8+ Kg7 50. Qe2 Qa3 51. h4 Qc3 52. Ng5 Bb6 53. Nf3 Bf2 54. Ng5 Qa1 55. Nh3 Bc5 56. h5 gxh5 57. Qxh5 Qe1 58. Qf5 Kf8 59. Qc8+ Ke7 60. Qc7+ Ke8 61. Qc8+ Ke7 62. Qc7+ 1/2-1/2

[Event "TCEC Season 22 - Qualification League"]
[Site "https://tcec-chess.com"]
[Date "2022.02.05"]
[Round "24.7"]
[White "Chiron 5.01"]
[Black "Mantissa 3.3.0"]
[Result "1/2-1/2"]
[ECO "D85"]
[WhiteElo "3417"]
[BlackElo "3289"]
[Annotator "NA"]
[PlyCount "130"]
[EventDate "2022.??.??"]
[SourceTitle "playchess.com"]
[Source "ChessBase"]
[SourceQuality "1"]
[TimeControl "1800+5"]

1. d4 Nf6 2. c4 g6 3. Nc3 d5 4. cxd5 Nxd5 5. e4 Nxc3 6. bxc3 Bg7 7. Be3 c5 8. Nf3 Qa5 9. Nd2 Bd7 10. Rc1 cxd4 11. Nc4 Qa6 12. Bxd4 Bxd4 13. cxd4 O-O 14. h4 Qf6 15. Qd2 Nc6 16. d5 Ne5 17. Qg5 Nxc4 18. Qxf6 exf6 19. Rxc4 f5 20. f3 fxe4 21. fxe4 Rfe8 22. Kd2 f5 23. Bd3 fxe4 24. Bxe4 Rad8 25. Bf3 Be6 26. Re1 Kf8 27. Rd4 Rd6 28. Re3 Red8 29. g4 Bf7 30. Kc3 Rc8+ 31. Rc4 Rcd8 32. Rf4 Rc8+ 33. Kd2 Rcd8 34. Rd3 Ke7 35. Re4+ Kf8 36. Red4 h6 37. Kc3 g5 38. hxg5 hxg5 39. Re3 Rf6 40. Kb2 Kg7 41. a4 Re8 42. Rb3 b6 43. Rbd3 Rd6 44. Be4 Rc8 45. Rf3 Be6 46. Rg3 Rc5 47. Bg2 Bd7 48. Re3 a5 49. Kb3 b5 50. axb5 Bxb5 51. Rde4 Kg6 52. Bf3 Kf6 53. Re6+ Rxe6 54. Rxe6+ Kf7 55. Re5 Kf6 56. Rf5+ Kg6 57. Be4 Bd7 58. Rf1+ Kg7 59. Ka3 Rc4 60. Bf5 Bxf5 61. gxf5 Rf4 62. Rd1 Kf7 63. d6 Ke8 64. Rd5 Kd7 65. Rxa5 Kxd6 1/2-1/2

[Event "TCEC Season 22 - Qualification League"]
[Site "https://tcec-chess.com"]
[Date "2022.02.05"]
[Round "25.1"]
[White "Chiron 5.01"]
[Black "Asymptote 0.9-dev_20220126"]
[Result "1-0"]
[ECO "D10"]
[WhiteElo "3417"]
[BlackElo "3226"]
[Annotator "NA RC"]
[PlyCount "152"]
[EventDate "2022.??.??"]
[SourceTitle "playchess.com"]
[Source "ChessBase"]
[SourceQuality "1"]
[TimeControl "1800+5"]

1. d4 d5 2. c4 c6 3. cxd5 cxd5 4. Bf4 Qb6 5. Nc3 Nf6 6. e3 Qxb2 7. Bb5+ Nc6 8. Nge2 Bf5 9. O-O Rc8 10. f3 a6 11. Ba4 Qb6 12. e4 dxe4 13. fxe4 Nxe4 14. Nxe4 Bxe4 15. Nc3 Bf5 16. Kh1 Qa5 17. Bd2 e6 18. d5 Be7 19. dxc6 bxc6 20. Ne2 Qd8 21. Rf4 O-O 22. Nd4 Bf6 23. Nxf5 exf5 24. Rc1 Bg5 25. Rf2 g6 26. Re2 c5 27. Bb3 h5 28. h3 h4 29. Qe1 Bxd2 30. Rxd2 Qf6 31. Rd7 Kg7 32. Qf2 Rcd8 33. Rc7 Rd4 34. R1xc5 Re4 35. Qd2 Re7 36. Rxe7 Qxe7 37. Qc3+ Kh6 38. Rc7 Qe2 39. Qc1+ Kg7 40. Qa1+ Kh6 41. Bxf7 Qe3 42. Bc4 a5 43. Rc6 a4 44. Qd1 Qg3 45. Qd2+ Qg5 46. Qd6 Rd8 47. Qe5 Rd1+ 48. Kh2 Rd7 49. Bb5 Rg7 50. Bxa4 Re7 51. Qb8 Rb7 52. Qh8+ Rh7 53. Qf8+ Rg7 54. Qd6 f4 55. Qd2 Qg3+ 56. Kg1 Qe3+ 57. Qxe3 fxe3 58. Kf1 Rf7+ 59. Ke2 Rf2+ 60. Kxe3 Rb2 61. Bc2 Kg7 62. Rxg6+ Kf7 63. Be4 Rb4 64. g3 Rb5 65. g4 Ke7 66. g5 Ra5 67. Rb6 Kf8 68. g6 Kg7 69. Rb7+ Kf6 70. g7 Ra3+ 71. Rb3 Rxb3+ 72. axb3 Kf7 73. b4 Kg8 74. b5 Kf7 75. b6 Kg8 76. b7 Kxg7 1-0

[Event "TCEC Season 22 - Qualification League"]
[Site "https://tcec-chess.com"]
[Date "2022.02.05"]
[Round "25.5"]
[White "Velvet 3.1.3"]
[Black "Bagatur 3.2-fix"]
[Result "1-0"]
[ECO "B52"]
[WhiteElo "3216"]
[BlackElo "3095"]
[Annotator "NA RC"]
[PlyCount "95"]
[EventDate "2022.??.??"]
[SourceTitle "playchess.com"]
[Source "ChessBase"]
[SourceQuality "1"]
[TimeControl "1800+5"]

1. e4 c5 2. Nf3 d6 3. Bb5+ Bd7 4. Bxd7+ Nxd7 5. Qe2 e6 6. O-O g5 7. c3 g4 8. Ne1 h5 9. d4 Qf6 10. dxc5 dxc5 11. a4 Qg6 12. Nd2 h4 13. Nd3 Rd8 14. f4 Be7 15. Nc4 Qg7 16. f5 e5 17. Be3 h3 18. g3 a6 19. a5 Kf8 20. Rad1 Re8 21. Nf2 Ngf6 22. Rd2 Rc8 23. Qd1 Rc7 24. Qa4 Kg8 25. Rfd1 Nf8 26. Nxe5 Rh5 27. Bf4 c4 28. Nxc4 Rc8 29. Nd6 Bxd6 30. Rxd6 N6h7 31. Qb4 Rb8 32. Rd8 Rxd8 33. Rxd8 f6 34. Qd4 Kh8 35. Qd6 Rg5 36. e5 Rxf5 37. e6 Rxa5 38. Nxg4 Ra1+ 39. Kf2 Ra2 40. e7 Rxb2+ 41. Kf3 Rf2+ 42. Kxf2 Qf7 43. Rxf8+ Kg7 44. e8=N+ Kg6 45. Qd3+ Kh5 46. Rxf7 f5 47. Qxf5+ Ng5 48. Qxg5# 1-0

[Event "TCEC Season 22 - Qualification League"]
[Site "https://tcec-chess.com"]
[Date "2022.02.05"]
[Round "25.7"]
[White "Zahak 9.0"]
[Black "Cheese 3.0.1"]
[Result "1-0"]
[ECO "D37"]
[WhiteElo "3332"]
[BlackElo "3031"]
[Annotator "NA RC"]
[PlyCount "97"]
[EventDate "2022.??.??"]
[SourceTitle "playchess.com"]
[Source "ChessBase"]
[SourceQuality "1"]
[TimeControl "1800+5"]

1. d4 Nf6 2. c4 e6 3. Nf3 d5 4. Nc3 Be7 5. Bf4 O-O 6. e3 Nh5 7. Be5 Nc6 8. Qc2 g6 9. h4 Nxe5 10. dxe5 c6 11. g4 Ng7 12. h5 f5 13. Bh3 gxh5 14. gxf5 Nxf5 15. Bxf5 Rxf5 16. Nd4 Rg5 17. O-O-O Qe8 18. f4 Rg4 19. cxd5 exd5 20. e6 Qg6 21. f5 Qg5 22. Qf2 h4 23. Kb1 h5 24. e4 dxe4 25. Rhf1 Qf6 26. Qe2 e3 27. Qxe3 Kh7 28. Ne4 Qh6 29. Qf3 c5 30. f6 cxd4 31. fxe7 Bxe6 32. Nf6+ Kh8 33. Nxg4 hxg4 34. Qf6+ Qxf6 35. Rxf6 Bd7 36. Rf8+ Kg7 37. Rxa8 h3 38. e8=Q Bxe8 39. Rxe8 Kf7 40. Re4 Kf6 41. Rxg4 Kf5 42. Rgxd4 h2 43. Rh4 h1=Q 44. Rhxh1 Kf6 45. Rde1 Kg6 46. Ref1 Kg5 47. Rhg1+ Kh6 48. Rf2 Kh5 49. Rh2# 1-0

[Event "TCEC Season 22 - Qualification League"]
[Site "https://tcec-chess.com"]
[Date "2022.02.06"]
[Round "26.7"]
[White "ChessFighter 3.10.1"]
[Black "Chiron 5.01"]
[Result "1/2-1/2"]
[ECO "C11"]
[WhiteElo "3242"]
[BlackElo "3417"]
[Annotator "NA"]
[PlyCount "224"]
[EventDate "2022.??.??"]
[SourceTitle "playchess.com"]
[Source "ChessBase"]
[SourceQuality "1"]
[TimeControl "1800+5"]

1. e4 e6 2. d4 d5 3. Nc3 Nf6 4. e5 Nfd7 5. f4 c5 6. Nce2 a5 7. c3 Nc6 8. Nf3 a4 9. Be3 Be7 10. Ng3 Qa5 11. Rc1 h5 12. Bd3 h4 13. Ne2 c4 14. Bc2 a3 15. b4 cxb3 16. axb3 b5 17. b4 Qc7 18. O-O Nb6 19. h3 Nc4 20. Bf2 Nb8 21. Ra1 Nd7 22. Qe1 Qd8 23. Nc1 Ndb6 24. Nb3 Bd7 25. Nc5 g6 26. Be3 Nxe3 27. Qxe3 Bc6 28. Ng5 Nc4 29. Qf2 Qc8 30. Bd3 Kf8 31. Ra2 Ra7 32. Rfa1 Qa8 33. Kh2 Kg7 34. Ngxe6+ fxe6 35. Nxe6+ Kg8 36. Bxg6 Rh6 37. f5 Bd7 38. Qf4 Rxg6 39. fxg6 Bxe6 40. Qh6 Bf8 41. g7 Bxg7 42. Qxe6+ Kh8 43. Kh1 Qg8 44. Qc6 Qa8 45. Qc5 Bf8 46. Qxb5 Kh7 47. Rf2 Be7 48. Raa2 Rc7 49. Rf7+ Kh6 50. Ra1 Ra7 51. Ra2 Rc7 52. Ra1 Ra7 53. Rf5 Bg5 54. Ra2 Kg6 55. Rf3 Kh6 56. Rff2 Rc7 57. Ra1 Ra7 58. Raa2 Kg6 59. Qc5 Be7 60. Qb5 Bg5 61. Kh2 Rc7 62. Rf3 Ra7 63. Qc5 Be7 64. Qb5 Bg5 65. Rf1 Rc7 66. Rff2 Kg7 67. Rf3 Kg6 68. Rff2 Kh6 69. Kh1 Kg6 70. Rf3 Ra7 71. Qc5 Be7 72. Qb5 Bg5 73. g3 hxg3 74. Rxg3 Kh6 75. Rg1 Rc7 76. Rag2 a2 77. Ra1 Ra7 78. Rf2 Kh5 79. Qc5 Be7 80. Qb5 Bh4 81. Re2 Kh6 82. Qc5 Be7 83. Qb5 Kg6 84. Rg2+ Kh5 85. Rgg1 Qc8 86. Rg2 Qa8 87. Rh2 Bh4 88. e6 Be7 89. Rf2 Kg6 90. Rf7 Kh6 91. Rf4 Bg5 92. Rf2 Bh4 93. Rg2 Bg5 94. Rf2 Bh4 95. Rg2 Bg5 96. Rg3 Bf4 97. Rg4 Bg5 98. Rg2 Be7 99. Rg3 Bg5 100. Qc5 Be7 101. Qb5 Kh5 102. Rg7 Kh6 103. Rgg1 Bd6 104. Rgf1 Be7 105. Rfe1 Kh7 106. Rf1 Kg6 107. Rf2 Bd6 108. Rf3 Re7 109. Rf2 Ra7 110. Rf3 Be7 111. Rf4 Kh6 112. Rf2 Bh4 1/2-1/2